 Dungeon Crawl Stone Soup version 0.28-a0-511-gcc94558de3 (webtiles) character file.

Game seed: 15034543045343951759

1631 Rennog the Fighter (level 8, -8/68 HPs)
             Began as a Demonspawn Fighter on Sept 21, 2021.
             Was a Follower of Uskayaw.
             Mangled by an orc warrior (13 damage)
             ... on level 7 of the Dungeon.
             The game lasted 00:09:42 (7333 turns).

Rennog the Fighter (Demonspawn Fighter)             Turns: 7333, Time: 00:09:42

Health: -8/68      AC: 11    Str: 18    XL:     8   Next: 65%
Magic:  8/8        EV:  7    Int: 10    God:    Uskayaw [*.....]
Gold:   390        SH:  0    Dex: 13    Spells: 7/7 levels left

rFire   . . .      SeeInvis .   a - +0 rapier
rCold   . . .      Faith    .   c - +0 buckler
rNeg    . . .      Spirit   .   u - +0 plate armour
rPois   .          Reflect  +   (no helmet)
rElec   .          Harm     .   (no cloak)
rCorr   .          Rampage  .   (no gloves)
Will    .....                   (no boots)
Stlth   ..........              o - amulet of reflection
HPRegen 0.21/turn               (no ring)
MPRegen 0.11/turn               (no ring)

@: confused
A: demonic guardian 2, foul stench 3
a: Renounce Religion, Stomp


You were on level 7 of the Dungeon.
You worshipped Uskayaw.
Uskayaw was noncommittal.
You visited 1 branch of the dungeon, and saw 7 of its levels.

You collected 390 gold pieces.

Inventory:

Hand Weapons
 a - a +0 rapier (weapon)
Armour
 c - a +0 buckler (worn)
 u - a +0 plate armour (worn)
Jewellery
 m - an amulet of guardian spirit
 n - a ring of see invisible
 o - an amulet of reflection (around neck)
Scrolls
 e - a scroll of identify
 f - 3 scrolls of enchant armour
 h - a scroll of noise
 i - a scroll of vulnerability
 k - 3 scrolls of fog
 r - a scroll of acquirement {unknown}
 s - a scroll of teleportation {unknown}
 t - a scroll of enchant weapon {unknown}
Potions
 b - a potion of brilliance {unknown}
 d - 2 potions of might
 g - a potion of degeneration
 j - a potion of ambrosia
 l - a potion of haste {unknown}
 p - a potion of mutation {unknown}
 q - a potion of lignification {unknown}


   Skills:
 + Level 8.1 Fighting
 - Level 1.7 Short Blades
 + Level 4.0 Armour
 + Level 6.6 Dodging
 - Level 2.6 Shields


You had 7 spell levels left.
You didn't know any spells.
Your spell library contained the following spells:

 Spells                   Type           Power      Damage    Failure   Level
 Sandblast                Erth           0%         2d4       100%        1
 Passwall                 Tmut/Erth      0%         N/A       100%        2
 Slow                     Hex            0%         N/A       100%        2
 Confusing Touch          Hex            0%         N/A       100%        3
 Stone Arrow              Conj/Erth      0%         3d7       100%        3
 Vampiric Draining        Necr           0%         2d6       100%        3


Dungeon Overview and Level Annotations

Branches:
Dungeon (7/15)
 Temple: D:4-7

Altars:
Ashenzari
Elyvilon
Kikubaaqudgha
Uskayaw
Vehumet
Xom
Yredelemnul
The Shining One
Beogh

Shops:
D:2 [   D:5 =

Annotations:
D:4 2 transporters, robertstho's ghost, novice DjFE


Innate Abilities, Weirdness & Mutations

A demonic guardian rushes to your aid.
You frequently emit foul miasma when damaged in melee.


Message History

The orc hits you but does no damage.
You're too confused to move!
An orc warrior comes into view.
It is wielding a +0 short sword of flaming.
The orc warrior barely misses you. The orc wizard barely misses you.
An orc comes into view. It is wielding a +2 vorpal morningstar.
The orc hits you with a +0 short sword.
You emit a cloud of foul miasma!
The orc is engulfed in dark miasma.
The orc is poisoned.
You're too confused to move!
The orc wizard hits you but does no damage.
The orc hits you with a +0 short sword.
You hit the orc.
You kill the orc!
The orc warrior closely misses you.
The orc wizard hits you but does no damage.
Your Armour skill increases to level 4!
You're too confused to move!
The orc warrior hits you from afar with a +0 halberd!
The orc wizard hits you but does no damage.
You bump into the rock wall.
The orc warrior hits you from afar with a +0 halberd!
The orc wizard gestures at you while chanting.
You are more confused.
An orc comes into view. It is wielding a +0 dagger.
You hit the orc wizard.
The orc wizard is heavily wounded.
The orc warrior hits you from afar with a +0 halberd!
* * * LOW HITPOINT WARNING * * *
A demonic guardian appears!
The orc wizard gestures wildly while chanting.
The orc wizard flickers and vanishes!
Deactivating autopickup; reactivate with Ctrl-A.
You're too confused to move!
The orc warrior hits you from afar with a +0 halberd.
* * * LOW HITPOINT WARNING * * *
You hear some strange, mumbled words.
A magic dart appears from out of thin air!
The magic dart hits you but does no damage.
You bump into the rock wall.
The orc warrior hits you from afar with a +0 halberd!
You die...

..# #............#
##.# #............#
#.o# #............#
#..# #.............
##o#.###...........##
#o.#...............#
#o.#####...........#
#oo#4...########...#
#..{@...# ##..#
######### #..# ..>#
####


You could see 2 orc warriors, an orc and a friendly orange demon (summoned).

Vanquished Creatures
  An orc warrior (D:4)
  An ice beast (D:6)
  A black bear (D:4)
  2 centaurs
  An ogre (D:5)
  A bullfrog (D:6)
  4 scorpions
  A centaur skeleton (D:6)
  2 orc priests
  An iguana (D:6)
  5 orc wizards
  A hound zombie (D:3)
  2 hound skeletons
  Robin (D:2)
  3 gnolls
  3 adders
  3 white imps
  2 adder zombies (D:3)
  An adder skeleton (D:4)
  2 worms (D:2)
  10 orcs
  A bat (D:3)
  7 endoplasms
  4 giant cockroaches
  16 goblins
  4 hobgoblins
  2 jackals (D:4)
  A quokka (D:5)
  3 ball pythons
  2 frilled lizards (D:3)
  A giant cockroach zombie (D:3)
  A kobold (D:4)
  4 rats
94 creatures vanquished.

Vanquished Creatures (collateral kills)
  A phantom (D:4)
  A gnoll sergeant (D:6)
  2 orc priests (D:4)
  A hound (D:4)
  3 orc wizards (D:4)
  3 gnolls
  2 adders
  5 orcs (D:4)
18 creatures vanquished.

Vanquished Creatures (others)
  An orc wizard (D:4)
1 creature vanquished.

Grand Total: 113 creatures vanquished

Notes
Turn   | Place    | Note
-------+----------+-------------------------------------------
     0 | D:1      | Rennog the Demonspawn Fighter began the quest for the Orb.
     0 | D:1      | Reached XP level 1. HP: 18/18 MP: 1/1
    78 | D:1      | Found a faded altar of an unknown god.
   103 | D:1      | Became a worshipper of Uskayaw the Reveller
   103 | D:1      | Reached * piety under Uskayaw
   461 | D:1      | Gained mutation: You may rarely emit foul miasma when
                  | damaged in melee. [demonic ancestry]
   461 | D:1      | Reached XP level 2. HP: 24/24 MP: 2/2
   777 | D:2      | Found a shimmering altar of Xom.
   947 | D:2      | Reached skill level 1 in Dodging
   960 | D:2      | Reached ** piety under Uskayaw
  1416 | D:2      | Noticed Robin
  1429 | D:2      | Reached *** piety under Uskayaw
  1441 | D:2      | Gained mutation: A weak demonic guardian rushes to your
                  | aid. [demonic ancestry]
  1441 | D:2      | Reached XP level 3. HP: 21/30 MP: 3/3
  1560 | D:2      | Killed Robin
  1755 | D:2      | Reached skill level 4 in Fighting
  1768 | D:2      | Found Pouhoh's Armour Shoppe.
  2158 | D:3      | Gained mutation: A demonic guardian rushes to your aid.
                  | [demonic ancestry]
  2158 | D:3      | Reached XP level 4. HP: 37/37 MP: 4/4
  2819 | D:3      | Found a basalt altar of Yredelemnul.
  3178 | D:4      | Found a transporter.
  3187 | D:4      | Gained mutation: You sometimes emit foul miasma when
                  | damaged in melee. [demonic ancestry]
  3187 | D:4      | Reached XP level 5. HP: 43/43 MP: 5/5
  3502 | D:4      | Noticed a phantom
  3524 | D:4      | Killed a phantom
  3525 | D:4      | Reached skill level 5 in Fighting
  3701 | D:4      | Found a transporter.
  3703 | D:4      | Noticed robertstho's ghost (novice DjFE)
  3773 | D:4      | Found an ancient bone altar of Kikubaaqudgha.
  3917 | D:4      | Reached XP level 6. HP: 37/51 MP: 6/6
  4261 | D:4      | Noticed an orc warrior
  4278 | D:4      | Killed an orc warrior
  4288 | D:4      | Reached skill level 6 in Fighting
  4290 | D:4      | Gained mutation: You frequently emit foul miasma when
                  | damaged in melee. [demonic ancestry]
  4290 | D:4      | Reached XP level 7. HP: 14/58 MP: 7/7
  4816 | D:4      | Reached skill level 5 in Dodging
  5069 | D:5      | Entered Level 5 of the Dungeon
  5085 | D:5      | Found Qockiynt's Jewellery Emporium.
  5373 | D:5      | Reached skill level 7 in Fighting
  5610 | D:5      | Found a broken altar of Ashenzari.
  5688 | D:5      | Found a radiant altar of Vehumet.
  5717 | D:5      | Reached XP level 8. HP: 59/67 MP: 8/8
  6524 | D:6      | Found a hide-covered altar of Uskayaw.
  6850 | D:6      | Reached skill level 8 in Fighting
  7333 | D:7      | Mangled by an orc warrior

Illustrated notes

Levels and vault maps discovered:
D:1:      mrwooster_arrival_arrow, layout_rooms,
          shapermc_ecumenical_altar_ellora
D:2:      layout_basic, basic_altar, serial_shops, shop, uniq_robin
D:3:      layout_rooms, tso_metal_star, lemuel_coloured_pillars_altar,
          nicolae_yredelemnul_corpse_copse, st_stairs_3
D:4:      layout_loops_corners, nicolae_overflow_crystal_walls,
          gammafunk_ghost_mausoleum, kennysheep_orc_chapel
D:5:      layout_rooms, mainiacjoe_overflow_alcove_4, marbit_many_paths,
          serial_shops, nicolae_shop_statue_plus
D:6:      layout_gridville, nicolae_uskayaw_suspiria
D:7:      layout_basic, minmay_temple_entry_wispy,
          minmay_misc_feat_more_columns, serial_bayou_pond_e

Skill      XL: |  1  2  3  4  5  6  7  8 |
---------------+-------------------------+-----
Dodging        | 1 2 3 4 5 6 |  6.6
Fighting       | 4 5 6 7 8 |  8.1
Armour         | 4 |  4.0
Short Blades   | |  1.7
Shields        | |  2.6

Action                   |  1- 3 |  4- 6 |  7- 9 || total
-------------------------+-------+-------+-------++-------
Melee: Rapier            |   144 |   132 |   173 ||   449
  Use: Potion            |       |     1 |       ||     1
       Scroll            |       |       |     6 ||     6
Armor: Scale mail        |     8 |       |       ||     8
       Chain mail        |    47 |    61 |    26 ||   134
       Plate armour      |       |       |    54 ||    54
Dodge: Dodged            |    44 |    30 |    52 ||   126
Block: Buckler           |    38 |    59 |    76 ||   173
       Reflection        |       |     1 |     2 ||     3

Table legend: (Time is in decaauts)
 A = Elapsed time spent in this place.
 B = Non-inter-level travel time spent in this place.
 C = Inter-level travel time spent in this place.
 D = Time resting spent in this place.
 E = Time spent auto-exploring this place.
 F = Levels seen in this place.
 G = Mean time per level.
                   A        B        C        D        E       F      G
               +--------+--------+--------+--------+--------+-----+--------+
         Total |   7400 |   7065 |    335 |    274 |   5740 |   7 | 1057.1 |
       Dungeon |   7400 |   7065 |    335 |    274 |   5740 |   7 | 1057.1 |
               +--------+--------+--------+--------+--------+-----+--------+

Top non-repeatable levels by time:
     D:4: 2005 daAuts
     D:2: 1422 daAuts
     D:6: 1163 daAuts
     D:3: 1047 daAuts
     D:5: 888 daAuts
     D:1: 779 daAuts
     D:7: 93 daAuts
